 Dungeon Crawl Stone Soup version 0.25.1-2-g60ff931df9 (webtiles) character file.

Game seed: 11076859940226547553

12213 RaHiT the Jinx (level 11, -7/51 HPs)
             Began as a Felid Artificer on Sept 24, 2020.
             Was an Elder of Nemelex Xobeh.
             Mangled by a red ugly thing (22 damage)
             ... on level 14 of the Dungeon on Sept 25, 2020.
             The game lasted 02:42:20 (26770 turns).

RaHiT the Jinx (Felid Artificer)                   Turns: 26770, Time: 02:42:21

Health: -7/51      AC:  3    Str:  8    XL:     11   Next: 59%
Magic:  10/21      EV: 29    Int: 18    God:    Nemelex Xobeh [****..]
Gold:   953        SH:  5    Dex: 22    Spells: 12/22 levels left
                                        Lives:  0   Deaths: 3

rFire    . . .     SeeInvis +     - Unarmed
rCold    + . .     Gourm    .   (shield unavailable)
rNeg     . . .     Faith    .   (armour unavailable)
rPois    .         Spirit   .   (helmet unavailable)
rElec    .         Reflect  +   (cloak unavailable)
rCorr    .         Harm     .   (gloves unavailable)
MR       +....                  (boots unavailable)
Stlth    ++++++....             f - amulet of reflection
HPRegen  0.17/turn              s - +6 ring of dexterity
MPRegen  0.17/turn              o - ring of wizardry

@: quick
A: very small, no armour, no weapons or thrown items, stealth, claws 1, fangs 3,
see invisible, carnivore, speed 1, shaggy fur 3, slow metabolism 1, sharp paws
a: Draw Escape, Draw Destruction, Draw Summoning, Triple Draw, Deal Four,
Renounce Religion


You were on level 14 of the Dungeon.
You worshipped Nemelex Xobeh.
Nemelex Xobeh was greatly pleased with you.
You were full.

You visited 1 branch of the dungeon, and saw 14 of its levels.

You collected 953 gold pieces.

Inventory:

Missiles
 R - 288 arrows
Jewellery
 c - an uncursed ring of protection from fire
 f - an amulet of reflection (around neck)
 j - an uncursed ring of positive energy
 o - a ring of wizardry (right paw)
 s - a +6 ring of dexterity (left paw)
 E - an uncursed ring of stealth
 H - a cursed ring of teleportation {unknown}
 S - an uncursed ring of protection from cold {unknown}
Wands
 b - a wand of enslavement (15)
 q - a wand of polymorph (9)
 v - a wand of acid (4)
 z - a wand of clouds (4)
 I - a wand of disintegration (16)
 J - a wand of paralysis (8)
 O - a wand of iceblast (5)
 P - a wand of random effects (8)
Scrolls
 a - a scroll of random uselessness {unknown}
 k - 2 scrolls of noise
 l - 10 scrolls of teleportation
 p - 2 scrolls of amnesia
 t - 3 scrolls of fear
 u - 3 scrolls of magic mapping
 w - 9 scrolls of remove curse
 y - 4 scrolls of fog
 A - 5 scrolls of immolation
 D - a scroll of brand weapon {unknown}
 G - a scroll of holy word {unknown}
 L - a scroll of enchant armour {unknown}
 M - 2 scrolls of silence {unknown}
 Q - a scroll of summoning {unknown}
 U - a scroll of blinking
Potions
 e - 5 potions of lignification
 g - a potion of brilliance
 h - 5 potions of haste
 i - 6 potions of curing
 m - 2 potions of mutation
 n - 5 potions of flight
 r - 2 potions of might
 x - 3 potions of cancellation
 B - 3 potions of magic {unknown}
 C - 3 potions of heal wounds {unknown}
 F - 3 potions of stabbing {unknown}
Miscellaneous
 K - a phantom mirror
 N - a phial of floods (inert)
Comestibles
 d - 33 rations


   Skills:
 - Level 8.0 Fighting
 - Level 11.0 Dodging
 - Level 11.0 Stealth
 - Level 8.0 Unarmed Combat
 - Level 6.0 Spellcasting
 - Level 3.0 Conjurations
 - Level 11.0 Hexes
 - Level 3.0 Translocations
 + Level 6.3 Transmutations
 - Level 3.0 Air Magic
 - Level 3.0 Poison Magic
 - Level 6.0 Invocations
 - Level 8.0 Evocations


You had 12 spell levels left.
You knew the following spells:

 Your Spells              Type           Power        Failure   Level  Hunger
a - Magic Dart            Conj           ###.         1%          1    None
b - Blink                 Tloc           N/A          2%          2    None
c - Slow                  Hex            #####...     1%          2    None
d - Mephitic Cloud        Conj/Pois/Air  ###.....     4%          3    ##.....
e - Sticks to Snakes      Tmut           ####....     1%          2    None

Your spell library contained the following spells:

 Spells                   Type           Power        Failure   Level  Hunger
 Beastly Appendage        Tmut           ####..       1%          1    None
 Spider Form              Tmut/Pois      ###.......   2%          3    ##.....
 Freeze                   Ice            #...         4%          1    None
 Call Imp                 Summ           #.......     8%          2    None
 Conjure Flame            Conj/Fire      ##......     8%          3    ##.....
 Blade Hands              Tmut           ####......   11%         5    #####..
 Ice Form                 Ice/Tmut       ###.....     13%         4    ####...
 Frozen Ramparts          Ice            #.....       14%         3    ##.....
 Ozocubu's Armour         Chrm/Ice       #.......     14%         3    ##.....
 Hailstorm                Conj/Ice       ##......     26%         4    ####...
 Summon Ice Beast         Ice/Summ       #.......     41%         4    ####...


Dungeon Overview and Level Annotations

Branches:
Dungeon (14/15)            Temple (0/1) D:4            Lair (0/6) D:10
    Orc (0/2) D:11         Vaults (0/5) D:13

Altars:
Ashenzari
Dithmenos
Elyvilon
Fedhas
Makhleb
Nemelex Xobeh
Qazlal
Ru
Sif Muna
Wu Jian
The Shining One

Shops:
D:11 (   D:14 *}

Annotations:
D:12 3 runed translucent doors, Xetrayse's ghost, journeyman OpIE


Innate Abilities, Weirdness & Mutations

You cannot wear armour.
You are incapable of wielding weapons or throwing items.
Your paws allow you to move quietly. (Stealth)
You have sharp claws.
You have razor-sharp teeth.
You have supernaturally acute eyesight. (SInv)
You are carnivorous and can eat meat at any time.
You cover ground quickly.
Your thick and shaggy fur keeps you warm. (AC +3, rC+)
You have a slow metabolism.
Your sharp claws are effective at attacking unaware monsters.


Message History

The red ugly thing is engulfed in noxious fumes.
The red ugly thing is engulfed in noxious fumes.
You barely miss the red ugly thing.
The red ugly thing is moderately wounded.
The red ugly thing is engulfed in noxious fumes.
The red ugly thing appears confused.
The red ugly thing completely misses you.
You claw the red ugly thing!
The red ugly thing is heavily wounded.
The red ugly thing is engulfed in noxious fumes.
You scratch the red ugly thing but do no damage.
The red ugly thing is heavily wounded.
The red ugly thing barely misses you.
You barely miss the red ugly thing.
The red ugly thing is heavily wounded.
The red ugly thing pecks you!
* * * LOW HITPOINT WARNING * * *
You are engulfed in flames!!
You die...
Your body disappears without a glow.

#....#...#.....#......
#....#...#######.....u
###'##...#.....#......
#..<.#...#.....'...###
#....#...#.....#...'..
#....#...#######...#..
#....#.........#...#..
#....†.........#...#..
#....@u........#...#..
#.........######...#))
#..............#####..
###########....#...#..
#.........#....#...#[.
#.........#....'...#..
#......).)'....#...#..
#....#....#....#...#..
#....############'##..


You could see a red ugly thing (confused, slow).

Vanquished Creatures
  A centaur warrior (D:13)
  A two-headed ogre (D:9)
  Nergalle (D:10)
  2 unseen horrors (D:13)
  A wizard (D:14)
  Pikel (D:9)
  6 ugly things
  An orc knight (D:13)
  An orb spider (D:13)
  A cyclops (D:11)
  Maurice (D:8)
  Psyche (D:11)
  2 gargoyles
  4 yaktaurs (D:13)
  A troll (D:11)
  A tengu conjurer (D:13)
  A meliai zombie (D:13)
  A steam dragon (D:8)
  A slime creature (D:10)
  A polar bear (D:9)
  2 hippogriffs
  Duvessa (D:5)
  10 spriggans
  7 orc warriors
  3 vampires
  4 wyverns
  2 wraiths
  33 yaks
  3 hungry ghosts
  An acid dragon (D:13)
  A water moccasin (D:5)
  A black bear (D:6)
  2 eyes of draining
  3 ice beasts
  6 sky beasts
  A wolf (D:9)
  8 ogres
  A phantom (D:14)
  5 centaurs
  A crocodile (D:6)
  5 big kobolds
  A gnoll sergeant (D:9)
  10 bullfrogs
  A wyvern skeleton (D:13)
  5 killer bees (D:12)
  2 scorpions
  8 wights
  4 howler monkeys
  2 electric eels (D:9)
  8 crimson imps
  3 quasits
  8 centaur skeletons
  4 jellies
  A bullfrog skeleton (D:4)
  9 orc wizards
  4 orc priests
  10 hounds
  A gnoll shaman (D:10)
  Ijyb (D:4)
  3 iguanas
  10 worker ants
  A centaur simulacrum (D:9)
  A worker ant zombie (D:11)
  A howler monkey skeleton (D:10)
  18 gnolls
  7 adders
  5 shadow imps
  A hound simulacrum (D:9)
  A white imp (D:9)
  An ooze (D:1)
  An adder skeleton (D:4)
  A worm (D:2)
  3 dart slugs
  6 leopard geckos
  30 orcs
  2 ball pythons
  9 bats
  5 giant cockroaches
  8 hobgoblins
  8 jackals
  5 quokkas
  5 frilled lizards
  6 goblins
  2 goblin skeletons (D:6)
  4 goblin zombies (D:6)
  3 hobgoblin zombies (D:6)
  A jackal zombie (D:5)
  22 kobolds
  4 kobold zombies (D:6)
  A leopard gecko zombie (D:5)
  3 orc skeletons (D:6)
  8 rats
398 creatures vanquished.

Vanquished Creatures (collateral kills)
  A hydra (D:11)
  Harold (D:11)
  A skeletal warrior (D:13)
  A manticore (D:7)
  A vampire (D:14)
  Edmund (D:5)
  An ice beast (D:5)
  A sky beast (D:6)
  A phantom (D:5)
  A bullfrog (D:5)
  Dowan (D:5)
  3 killer bees (D:7)
  5 wights (D:6)
  A howler monkey (D:5)
  A centaur zombie (D:5)
  3 orc priests
  A bullfrog skeleton (D:7)
  A gnoll (D:2)
  2 adders
  A howler monkey skeleton (D:7)
  An orc (D:5)
  A kobold (D:14)
31 creatures vanquished.

Vanquished Creatures (others)
  An orc warrior (D:8)
  A slave (D:9)
  A phantom (D:6)
  An ogre (D:7)
  A killer bee (D:7)
  2 orcs (D:8)
  A plant (D:6)
8 creatures vanquished.

Grand Total: 437 creatures vanquished

Notes
Turn   | Place    | Note
-------+----------+-------------------------------------------
     0 | D:1      | RaHiT the Felid Artificer began the quest for the Orb.
     0 | D:1      | Reached XP level 1. HP: 9/9 MP: 4/4
   643 | D:1      | Reached XP level 2. HP: 9/12 MP: 5/5
   827 | D:1      | Reached skill level 1 in Spellcasting
  1328 | D:1      | Reached XP level 3. HP: 13/15 MP: 6/6
  2315 | D:2      | Reached XP level 4. HP: 10/19 MP: 8/8
  2827 | D:2      | Found a sparkling altar of Nemelex Xobeh.
  2835 | D:2      | Became a worshipper of Nemelex Xobeh the Trickster
  3024 | D:3      | Received a gift from Nemelex Xobeh
  3685 | D:4      | Reached skill level 1 in Invocations
  3685 | D:4      | Reached XP level 5. HP: 13/22 MP: 9/9
  3876 | D:4      | Found a shadowy altar of Dithmenos.
  4219 | D:4      | Noticed Ijyb
  4223 | D:4      | Killed Ijyb
  4440 | D:4      | Reached * piety under Nemelex Xobeh
  4482 | D:4      | Received a gift from Nemelex Xobeh
  4552 | D:4      | Gained mutation: You are covered in thick fur. (AC +2)
                  | [Felid growth]
  4552 | D:4      | Reached XP level 6. HP: 7/26 MP: 11/11
  4811 | D:4      | Found a staircase to the Ecumenical Temple.
  4847 | D:4      | Found an ornate altar of the Wu Jian Council.
  5111 | D:5      | Entered Level 5 of the Dungeon
  5111 | D:5      | Noticed a sky beast
  5191 | D:4      | Slain by a sky beast
  5192 | D:4      | Reached XP level 5. HP: -2/22 MP: 10/10
  5277 | D:4      | HP: 1/22 [gnoll (8)]
  5637 | D:4      | Noticed an ice beast
  5637 | D:4      | a sky beast changed into an ice beast
  5640 | D:4      | Killed an ice beast
  5640 | D:4      | Reached skill level 5 in Stealth
  5674 | D:5      | Noticed a phantom
  5715 | D:4      | Reached XP level 6. HP: 27/28 MP: 11/11
  5780 | D:5      | Noticed Edmund
  5793 | D:5      | Killed Edmund
  5801 | D:5      | Noticed an ice beast
  5808 | D:5      | Killed an ice beast
  5808 | D:5      | Reached skill level 5 in Dodging
  5820 | D:5      | Reached XP level 7. HP: 31/31 MP: 12/12
  5907 | D:5      | Noticed Duvessa
  5918 | D:5      | Noticed Dowan
  5937 | D:5      | Killed Dowan
  5961 | D:5      | Killed Duvessa
  6269 | D:5      | Received a gift from Nemelex Xobeh
  6286 | D:5      | Found a stormy altar of Qazlal.
  7298 | D:6      | Reached ** piety under Nemelex Xobeh
  7313 | D:6      | Found a glowing golden altar of the Shining One.
  7727 | D:6      | Found an ornate altar of the Wu Jian Council.
  7769 | D:6      | Reached XP level 8. HP: 13/34 MP: 13/13
  7982 | D:6      | Found the +2 hat of the Bear Spirit {Spirit, +Rage rN+
                  | MR++}
  8214 | D:6      | Found a blossoming altar of Fedhas.
  8443 | D:6      | Found a burning altar of Makhleb.
  8486 | D:6      | Received a gift from Nemelex Xobeh
  9033 | D:6      | Found a white marble altar of Elyvilon.
  9588 | D:7      | Reached skill level 5 in Evocations
  9952 | D:7      | Noticed a manticore
  9964 | D:7      | Killed a manticore
  9964 | D:7      | Reached XP level 9. HP: 19/39 MP: 13/15
 10510 | D:7      | Reached *** piety under Nemelex Xobeh
 10777 | D:7      | Reached skill level 5 in Fighting
 10897 | D:7      | Identified the -1 trident of the Twisting Jester {venom,
                  | rElec rF+ MR+ Dex-4}
 10963 | D:7      | Reached skill level 5 in Unarmed Combat
 11245 | D:8      | Learned a level 2 spell: Blink
 11248 | D:8      | Learned a level 2 spell: Slow
 11250 | D:8      | Learned a level 1 spell: Magic Dart
 11254 | D:8      | Learned a level 3 spell: Mephitic Cloud
 11286 | D:8      | Received a gift from Nemelex Xobeh
 11296 | D:8      | Reached skill level 1 in Hexes
 11483 | D:8      | Reached skill level 1 in Translocations
 11894 | D:8      | Noticed Maurice
 11904 | D:8      | Killed Maurice
 11904 | D:8      | Reached skill level 5 in Hexes
 13320 | D:8      | Reached XP level 10. HP: 42/44 MP: 13/17
 13506 | D:8      | Received a gift from Nemelex Xobeh
 13957 | D:9      | Reached skill level 1 in Conjurations
 14030 | D:9      | Reached skill level 1 in Poison Magic
 14121 | D:9      | Reached skill level 1 in Air Magic
 14328 | D:9      | Noticed Pikel
 15261 | D:9      | Killed Pikel
 15433 | D:9      | Found a sacrificial altar of Ru.
 15435 | D:9      | Found a shimmering blue altar of Sif Muna.
 15531 | D:9      | Noticed a two-headed ogre
 15635 | D:9      | Killed a two-headed ogre
 15635 | D:9      | Reached skill level 5 in Spellcasting
 15635 | D:9      | Reached skill level 5 in Invocations
 15968 | D:10     | Entered Level 10 of the Dungeon
 16398 | D:10     | Noticed Nergalle
 16404 | D:10     | Killed Nergalle
 16404 | D:10     | Reached XP level 11. HP: 48/48 MP: 19/19
 16435 | D:10     | Reached skill level 10 in Hexes
 17173 | D:10     | Found a staircase to the Lair.
 17233 | D:10     | Received a gift from Nemelex Xobeh
 17662 | D:10     | Reached skill level 10 in Stealth
 17925 | D:10     | Reached **** piety under Nemelex Xobeh
 18200 | D:11     | Found a staircase to the Orcish Mines.
 18456 | D:11     | Noticed a purple ugly thing
 18494 | D:11     | Killed a purple ugly thing
 18522 | D:11     | HP: 2/48 [insubstantial wisp[the player character] (10)]
 18537 | D:11     | Found Jirik's Weapon Boutique.
 18872 | D:11     | Noticed a seven-headed hydra
 18900 | D:11     | Killed a seven-headed hydra
 18900 | D:11     | Reached skill level 10 in Dodging
 19432 | D:11     | Noticed a brown ugly thing
 19456 | D:11     | Killed a brown ugly thing
 19630 | D:11     | Noticed Psyche
 19642 | D:11     | Killed Psyche
 19801 | D:11     | Noticed Harold
 19816 | D:11     | Killed Harold
 19816 | D:11     | Gained mutation: Your thick and shaggy fur keeps you warm.
                  | (AC +3, rC+) [Felid growth]
 19816 | D:11     | Reached XP level 12. HP: 52/52 MP: 20/20
 20571 | D:12     | Received a gift from Nemelex Xobeh
 20703 | D:12     | Found a runed translucent gate.
 20703 | D:12     | Found a runed translucent gate.
 20703 | D:12     | Found a runed translucent gate.
 20703 | D:12     | Noticed Xetrayse's ghost (journeyman OpIE)
 20912 | D:13     | Noticed a centaur warrior
 20917 | D:13     | Killed a centaur warrior
 21240 | D:13     | Shot with a bolt by a yaktaur
 21241 | D:13     | Reached XP level 11. HP: -8/49 MP: 21/21
 22011 | D:13     | Learned a level 2 spell: Sticks to Snakes
 23173 | D:7      | Found a shattered altar of Ashenzari.
 23666 | D:13     | Noticed an orc knight
 23813 | D:13     | Noticed an orb spider
 23813 | D:13     | a tengu conjurer changed into an orb spider
 23879 | D:13     | Killed an orc knight
 23916 | D:13     | Reached skill level 1 in Transmutations
 23953 | D:13     | Killed an orb spider
 24234 | D:13     | Slain by a centaur warrior skeleton
 24235 | D:13     | Reached XP level 10. HP: 0/48 MP: 16/20
 24447 | D:13     | Reached XP level 11. HP: 51/51 MP: 15/21
 24527 | D:13     | Noticed a skeletal warrior
 24640 | D:13     | Killed a skeletal warrior
 24678 | D:13     | Found a gate to the Vaults.
 24814 | D:14     | Received a gift from Nemelex Xobeh
 24854 | D:14     | Found Acsocye's Gadget Shop.
 24886 | D:14     | Noticed a wizard
 24894 | D:14     | Killed a wizard
 25346 | D:14     | Found Gat Unn's Blood Bar.
 26058 | D:14     | Reached skill level 5 in Transmutations
 26222 | D:14     | Noticed a brown ugly thing
 26235 | D:14     | Noticed a brown ugly thing
 26251 | D:14     | Noticed a brown ugly thing
 26252 | D:14     | Killed a brown ugly thing
 26253 | D:14     | Noticed a brown ugly thing
 26300 | D:14     | Killed a purple ugly thing
 26427 | D:14     | Noticed a brown ugly thing
 26463 | D:14     | Killed a purple ugly thing
 26752 | D:14     | Killed a brown ugly thing
 26770 | D:14     | Mangled by a red ugly thing

Illustrated notes

Levels and vault maps discovered:
D:1:      dpeg_arrival_short_road, layout_basic, supply_closet_lemuel,
          minmay_parallelograms, minmay_hexomino_f4
D:2:      layout_basic, nemelex_xobeh_ov_fountains_minmay
D:3:      layout_rooms, first_ration
D:4:      layout_loops_ring, lemuel_doored_altar,
          nicolae_dithmenos_through_a_glass_darkly,
          minmay_temple_entry_drinking_statues, nrook_uturn, uniq_ijyb
D:5:      layout_loops_ring, kennysheep_little_box, kennysheep_diamond,
          kennysheep_generic_room_12, uniq_duvessa, uniq_edmund
D:6:      layout_cave_pods, nicolae_tso_besieged_by_evil, fedhas_altar_1,
          elyvilon_altar_3, nicolae_overflow_crystal_walls, basic_altar
D:7:      layout_basic, lemuel_coloured_pillars_altar, enter_bailey_7,
          the_bakery
D:8:      layout_basic, uniq_maurice
D:9:      layout_layer_cave, minitemple, serial_ice, serial_ice_j, serial_ice_g,
          serial_ice_m, serial_ice_e, minmay_between, uniq_pikel
D:10:     kb_forest_paths, layout_long_grid, uniq_nergalle
D:11:     layout_basic, orc_0_dummy, serial_shops, nicolae_shop_behind_doors,
          minmay_misc_feat_pillars, uniq_harold, uniq_psyche
D:12:     layout_roguey, gammafunk_ghost_necromancy,
          chequers_serial_rivers_micro_e
D:13:     layout_loops_ring, hangedman_vaults_entry_quadrant_bands
D:14:     layout_grid_maze, serial_park_tiny_pond, serial_shops,
          kennysheep_mini, guppyfry_shop_blood

Skill      XL: |  1  2  3  4  5  6  7  8  9 10 11 12 |
---------------+-------------------------------------+-----
Stealth        | 2 3 5 7 8 9 10 11 | 11.0
Spellcasting   | 1 2 3 4 5 6 |  6.0
Dodging        | 3 4 5 6 8 9 10 11 | 11.0
Unarmed Combat | 2 3 4 5 8 |  8.0
Fighting       | 2 3 4 5 8 |  8.0
Invocations    | 1 2 3 4 5 6 |  6.0
Evocations     | 4 5 6 8 |  8.0
Hexes          | 6 9 11 | 11.0
Translocations | 3 |  3.0
Conjurations   | 2 3 |  3.0
Poison Magic   | 2 3 |  3.0
Air Magic      | 2 3 |  3.0
Transmutations | 2 6 |  6.3

Action                   |  1- 3 |  4- 6 |  7- 9 | 10-12 || total
-------------------------+-------+-------+-------+-------++-------
Melee: Unarmed           |   141 |   178 |   463 |  1259 ||  2041
       Bite              |     9 |    18 |    65 |   194 ||   286
       Punch             |       |       |    11 |    45 ||    56
 Cast: Slow              |       |       |    18 |   181 ||   199
       Magic Dart        |       |       |     6 |    45 ||    51
       Mephitic Cloud    |       |       |     4 |    75 ||    79
       Blink             |       |       |       |    11 ||    11
       Sticks to Snakes  |       |       |       |    18 ||    18
Invok: Draw Destruction  |       |    10 |    14 |     7 ||    31
       Draw Escape       |       |     1 |     2 |     3 ||     6
       Draw Summoning    |       |     1 |     5 |     6 ||    12
Evoke: Wand              |    12 |    13 |    30 |    21 ||    76
       Phial of floods   |       |       |       |     2 ||     2
  Use: Scroll            |       |    11 |     2 |     7 ||    20
       Potion            |       |       |     1 |       ||     1
 Stab: Sleeping          |     6 |     9 |    10 |    38 ||    63
       Paralysed         |     2 |       |     1 |     2 ||     5
       Distracted        |       |     1 |     1 |     4 ||     6
       Confused          |       |       |     2 |    61 ||    63
  Eat: Chunk             |    10 |     7 |    18 |    51 ||    86
Armor: Skin              |     3 |    10 |     9 |    21 ||    43
Dodge: Dodged            |    65 |   142 |   330 |   722 ||  1259
Block: Other             |    15 |    37 |    70 |   152 ||   274
       Reflection        |       |     2 |     4 |    11 ||    17
